 Dungeon Crawl Stone Soup version 0.26-a0-1205-g4083c211ab (webtiles) character file.

Game seed: 9392108489918271968

64 melloss the Sneak (level 3, 0/24 HPs)
             Began as a Spriggan Enchanter on Dec 29, 2020.
             Succumbed to an adder's poison
             ... on level 2 of the Dungeon.
             The game lasted 00:04:43 (1444 turns).

melloss the Sneak (Spriggan Enchanter)              Turns: 1444, Time: 00:04:44

Health: 0/24       AC: 21    Str:  4    XL:     3   Next: 91%
Magic:  2/8        EV:  4    Int: 17    God:
Gold:   79         SH:  0    Dex: 16    Spells: 4/7 levels left

rFire    . . .     SeeInvis +   a - +1 dagger
rCold    . . .     Faith    .   (shield restricted)
rNeg     + + +     Spirit   .   (armour currently unavailable)
rPois    +         Reflect  .   (helmet currently unavailable)
rElec    .         Harm     .   (cloak currently unavailable)
rCorr    .         Rampage  .   (gloves unavailable)
Will     .....     NoTele   +   (boots unavailable)
Stlth    +++.......             (no amulet)
HPRegen  0.08/turn              l - ring of positive energy
MPRegen  0.11/turn              (no ring)

@: lethally poisoned (0 -> -3), tree-form, berserk cooldown, attractive, slowed,
very slow
A: very small, unfitting armour, see invisible, deterioration 1
a: no special abilities


You were on level 2 of the Dungeon.
You were a tree.
You visited 1 branch of the dungeon, and saw 2 of its levels.

You collected 79 gold pieces.

Inventory:

Hand Weapons
 a - a +1 dagger (weapon)
Missiles
 o - 16 poisoned darts
Armour
 b - a +0 robe (melded)
Jewellery
 l - a ring of positive energy (left branch)
Scrolls
 c - 2 scrolls of enchant weapon {unknown}
 e - a scroll of noise {unknown}
 g - 2 scrolls of fog {unknown}
 j - 4 scrolls of identify {unknown}
Potions
 f - a potion of attraction
 k - a potion of magic {unknown}
 m - a potion of heal wounds {unknown}
 n - a potion of experience {unknown}


   Skills:
 + Level 3.0 Short Blades
 - Level 3.0 Dodging
 + Level 6.1 Stealth
 - Level 2.6 Spellcasting
 - Level 3.6 Hexes


You had 4 spell levels left.
You knew the following spells:

 Your Spells              Type           Power        Failure   Level
a - Corona                Hex            15%          4%          1
b - Ensorcelled Hibernat  Hex/Ice        16%          13%         2

Your spell library contained the following spells:

 Spells                   Type           Power        Failure   Level
 Confusing Touch          Hex            14%          12%         3
 Tukima's Dance           Hex            14%          12%         3
 Dazzling Flash           Conj/Hex       16%          26%         3


Dungeon Overview and Level Annotations

Branches:
Dungeon (2/15)

Altars:


Innate Abilities, Weirdness & Mutations

You are very small and have problems with some larger weapons.
You are too small for most types of armour.
You have supernaturally acute eyesight. (SInv)
((You cover ground extremely quickly.))
((You have sharp toenails.))
Your body sometimes deteriorates upon taking damage.


Message History

The adder bites you but does no damage.
It was a potion of berserk rage.
A red film seems to cover your vision as you go berserk!
You feel yourself moving faster!
You feel mighty!
* * * LOW HITPOINT WARNING * * *
You feel sick. The adder bites you but does no damage.
You hit the adder.
You kill the adder!
Your Short Blades skill increases to level 3!
You are too berserk!
You feel a strong urge to attack something.
You feel your anger nearly subside.
You are no longer berserk.
You pass out from exhaustion.
You feel yourself slow down.
* * * LOW HITPOINT WARNING * * *
You feel sick.
You can move again.
It was a potion of mutation.
You feel extremely strange.
You feel yourself wasting away.
Your toenails lengthen and sharpen.
You die...

####......
#######....#####
##...............
##..(...##########
...#####.#######
#. .......).# #.
.........# #.
########.# ## #♣#
#)# #(# ... #.#
#.# . #.# . #.# #
.


There were no monsters in sight!

Vanquished Creatures
  3 adders (D:2)
  An ooze (D:2)
  A worm (D:2)
  A dart slug (D:2)
  A ball python (D:2)
  4 bats
  4 goblins
  3 hobgoblins
  A jackal (D:2)
  4 kobolds
  3 frilled lizards (D:1)
  5 rats
31 creatures vanquished.

Notes
Turn   | Place    | Note
-------+----------+-------------------------------------------
     0 | D:1      | melloss the Spriggan Enchanter began the quest for the Orb.
     0 | D:1      | Reached XP level 1. HP: 9/9 MP: 5/5
   216 | D:1      | Reached XP level 2. HP: 9/13 MP: 6/6
   226 | D:1      | Reached skill level 5 in Stealth
   456 | D:1      | Learned a level 2 spell: Ensorcelled Hibernation
  1336 | D:2      | Reached XP level 3. HP: 16/16 MP: 8/8
  1410 | D:2      | Reached skill level 6 in Stealth
  1440 | D:2      | HP: 1/24 [poisoned by an adder]
  1444 | D:2      | Gained mutation: Your body sometimes deteriorates upon
                  | taking damage. [potion of mutation]
  1444 | D:2      | Gained mutation: You have sharp toenails. [potion of
                  | mutation]
  1444 | D:2      | Succumbed to an adder's poison

Illustrated notes

Levels and vault maps discovered:
D:1:      amcnicky_arrival_blooded_trapdoor, layout_loops_ring, serial_forest,
          infiniplex_forest_lined_1, infiniplex_forest_clump_curved,
          infiniplex_forest_corner_1, infiniplex_forest_lined_room_2,
          infiniplex_forest_zigzag_1, minmay_heptomino_h4
D:2:      minmay_diamond_boxcup, layout_rooms, lemuel_round_altar,
          gammafunk_temple_overflow_wave, st_stairs_8

Skill      XL: |  1  2  3 |
---------------+----------+-----
Stealth        | 5 6 |  6.1
Short Blades   | 2 3 |  3.0
Dodging        | |  3.0
Spellcasting   | |  2.6
Hexes          | |  3.6

Action                   || total
-------------------------++-------
Melee: Dagger            ||    80
 Cast: Ensorcelled Hiber ||     5
  Use: Potion            ||     4
 Stab: Sleeping          ||    15
Armor: Robe              ||     7
       Skin              ||     7
Dodge: Dodged            ||    55

Table legend: (Time is in decaauts)
 A = Elapsed time spent in this place.
 B = Non-inter-level travel time spent in this place.
 C = Inter-level travel time spent in this place.
 D = Time resting spent in this place.
 E = Time spent auto-exploring this place.
 F = Levels seen in this place.
 G = Mean time per level.
                   A        B        C        D        E       F      G
               +--------+--------+--------+--------+--------+-----+--------+
         Total |   1056 |   1022 |     34 |    226 |    561 |   2 |  528.0 |
       Dungeon |   1056 |   1022 |     34 |    226 |    561 |   2 |  528.0 |
               +--------+--------+--------+--------+--------+-----+--------+

Top non-repeatable levels by time:
     D:1: 892 daAuts
     D:2: 164 daAuts
